 Dungeon Crawl Stone Soup version 0.27-a0-679-g77a6b55cf3 (webtiles) character file.

Game seed: 9021164973101453786

18 tonychiu1026 the Skirmisher (level 2, -3/27 HPs)
             Began as a Hill Orc Fighter on Mar 18, 2021.
             Killed from afar by an orc wizard (7 damage)
             ... with a magic dart
             ... on level 4 of the Dungeon.
             The game lasted 00:07:01 (665 turns).

tonychiu1026 the Skirmisher (Hill Orc Fighter)       Turns: 665, Time: 00:07:01

Health: -3/27      AC:  7    Str: 18    XL:     2   Next: 66%
Magic:  2/2        EV:  7    Int:  8    God:
Gold:   15         SH:  0    Dex: 10    Spells: 1/1 levels left

rFire    . . .     SeeInvis .   a - +0 flail
rCold    . . .     Faith    .   c - +0 kite shield
rNeg     . . .     Spirit   .   b - +0 scale mail
rPois    .         Reflect  .   (no helmet)
rElec    .         Harm     .   (no cloak)
rCorr    .         Rampage  .   (no gloves)
Will     .....                  (no boots)
Stlth    ..........             (no amulet)
HPRegen  0.09/turn              (no ring)
MPRegen  0.08/turn              (no ring)

@: confused
A: no striking features
a: no special abilities


You were on level 4 of the Dungeon.
You visited 1 branch of the dungeon, and saw 3 of its levels.

You collected 15 gold pieces.

Inventory:

Hand Weapons
 a - a +0 flail (weapon)
 i - a +0 club
 k - a +0 whip
 m - a +0 dagger
Missiles
 e - 5 stones (quivered)
Armour
 b - a +0 scale mail (worn)
 c - a +0 kite shield (worn)
 f - a +0 buckler
 h - a +0 ring mail
 l - a +0 ring mail
Scrolls
 g - 2 scrolls of enchant armour {unknown}
Potions
 d - a potion of might
 j - a potion of attraction {unknown}


   Skills:
 + Level 4.0 Fighting
 + Level 2.3 Maces & Flails
 + Level 3.7 Armour
 + Level 3.5 Shields


You had one spell level left.
You didn't know any spells.
Your spell library was empty.

Dungeon Overview and Level Annotations

Branches:
Dungeon (2/15)

Altars:


Message History

The shaft crumbles and collapses.
Found a scroll labelled EMAOTARGHIF.
An orc comes into view. It is wielding a +0 hand axe.
The orc shouts!
An orc wizard comes into view. It is wielding a +0 dagger.
An orc comes into view. It is wielding a +0 war axe.
The orc shouts!
A frilled lizard comes into view.
The frilled lizard hisses angrily.
You see here a scroll labelled EMAOTARGHIF.
An orc comes into view. It is wielding a +0 hand axe.
The orc shouts!
The orc moves out of view.
The orc wizard gestures at you while chanting.
The magic dart hits you.
The orc wizard gestures at itself while chanting.
The orc wizard flickers and vanishes!
Deactivating autopickup; reactivate with Ctrl-A.
You closely miss the orc. The orc barely misses you.
You closely miss something. The orc hits you with a +0 war axe.
You thump something! Something hits you but does no damage.
The orc barely misses you. Something hits you. You block the orc's attack.
You barely miss something. You block something's attack.
You block the orc's attack. The orc barely misses you. Something hits you.
You closely miss something. You block the orc's attack. Something hits you.
You closely miss something. Something hits you. The orc barely misses you.
You hit something. Something hits you. The orc hits you with a +0 war axe.
* * * LOW HITPOINT WARNING * * *
Something hits you.
* * * LOW HITPOINT WARNING * * *
You block the orc's attack.
You hear some strange, mumbled words.
You are confused.
The orc barely misses you.
You closely miss the orc.
You hear some strange, mumbled words.
A magic dart appears from out of thin air!
The magic dart hits you!
You die...

#.## ##..##
.....## .. .8...
... . .... #.....
######o. #....#
##....#o##.. .#
#.....#{#.# ..
####...@o..#.##
#.......l.?...#
#..............#
#.....##........#
#####.##..........
###.........##
##.........#
#.....##...
#...#.# ...


You could see 3 orcs and a frilled lizard.

Vanquished Creatures
  An adder (D:2)
  A bat (D:1)
  2 goblins (D:1)
  A hobgoblin (D:1)
  A frilled lizard (D:1)
  2 kobolds (D:1)
  A rat (D:1)
9 creatures vanquished.

Notes
Turn   | Place    | Note
-------+----------+-------------------------------------------
     0 | D:1      | tonychiu1026 the Hill Orc Fighter began the quest for the
                  | Orb.
     0 | D:1      | Reached XP level 1. HP: 19/19 MP: 1/1
   405 | D:1      | Reached XP level 2. HP: 27/27 MP: 2/2
   628 | D:2      | Reached skill level 4 in Fighting
   641 | D:2      | You fall into a shaft and drop 2 floors!
   665 | D:4      | Killed from afar by an orc wizard

Illustrated notes

Levels and vault maps discovered:
D:1:      mainiacjoe_arrival_reflecting_pool, layout_rooms,
          roderic_serpentine_path
D:2:      layout_basic, nicolae_ru_great_annihilating_truth
D:4:      layout_cave_pools, serial_rivers, chequers_serial_rivers_large_b,
          chequers_serial_rivers_small_a, chequers_serial_rivers_room_b,
          chequers_serial_rivers_small_b, grunt_ministairs_14

Skill      XL: |  1  2 |
---------------+-------+-----
Fighting       | 4 |  4.0
Maces & Flails | |  2.3
Armour         | |  3.7
Shields        | |  3.5

Action                   || total
-------------------------++-------
Melee: Flail             ||    39
Throw: Stone             ||     1
Armor: Scale mail        ||    25
Dodge: Dodged            ||    23
Block: Kite shield       ||    25

Table legend: (Time is in decaauts)
 A = Elapsed time spent in this place.
 B = Non-inter-level travel time spent in this place.
 C = Inter-level travel time spent in this place.
 D = Time resting spent in this place.
 E = Time spent auto-exploring this place.
 F = Levels seen in this place.
 G = Mean time per level.
                   A        B        C        D        E       F      G
               +--------+--------+--------+--------+--------+-----+--------+
         Total |    701 |    639 |     62 |      0 |     23 |   3 |  233.7 |
       Dungeon |    701 |    639 |     62 |      0 |     23 |   3 |  233.7 |
               +--------+--------+--------+--------+--------+-----+--------+

Top non-repeatable levels by time:
     D:1: 643 daAuts
     D:2: 30 daAuts
     D:4: 27 daAuts
